 Dungeon Crawl Stone Soup version 0.30-a0-367-g839099abd5 (webtiles) character file.

Game seed: 8985642106488858043

1811 Aramant the Poker (level 8, -2/67 (70) HPs)
             Began as a Purple Draconian Berserker on Nov 18, 2022.
             Was a Priest of Trog.
             Shot with an arrow by a centaur (5 damage)
             ... on level 8 of the Dungeon.
             The game lasted 00:22:04 (3474 turns).

Aramant the Poker (Purple Draconian Berserker)      Turns: 3474, Time: 00:22:05

HP:   -2/67 (70)    AC: 11    Str: 22    XL:     8   Next: 84%
MP:   8/8           EV: 13    Int:  8    God:    Trog [***...]
Gold: 138           SH:  4    Dex: 10    Spells: 7/7 levels left

rFire   . . .      SeeInvis .    a - +0 spear
rCold   . . .      Faith    .    j - +1 buckler "Ruarhe" {rN+ Will- rCorr}
rNeg    + . .      Spirit   .    (body armour unavailable)
rPois   .          Reflect  .    (helmet restricted)
rElec   .          Harm     .    (no cloak)
rCorr   +          Rampage  .    k - +0 pair of gloves
Will    .....                    (no boots)
Stlth   ++........               (no amulet)
HPRegen 0.31/turn                b - +4 ring of protection
MPRegen 0.11/turn                i - ring of resist corrosion

@: on berserk cooldown, slowed, lightly drained, very slow
A: breathe power, AC +6, unfitting armour, cold-blooded
a: Breathe Dispelling Energy, Renounce Religion, Berserk, Trog's Hand


You were on level 8 of the Dungeon.
You worshipped Trog.
Trog was most pleased with you.
You visited 1 branch of the dungeon, and saw 8 of its levels.

You collected 138 gold pieces.

Inventory:

Hand Weapons
 a - a +0 spear (weapon)
Armour
 j - the +1 buckler "Ruarhe" (worn) {rN+ Will- rCorr}
   (You found it on level 7 of the Dungeon)

   rN:        It protects you from negative energy.
   rCorr:     It protects you from acid and corrosion.
   Will:      It decreases your willpower.
 k - a +0 pair of gloves (worn)
Jewellery
 b - a +4 ring of protection (left hand)
 i - a ring of resist corrosion (right hand)
Wands
 f - a wand of digging (3)
Scrolls
 d - a scroll of fear
 l - a scroll of fog
Potions
 c - 2 potions of mutation
 e - a potion of lignification {unknown}
 g - a potion of berserk rage
 m - a potion of invisibility {unknown}


   Skills:
 + Level 6.3 Fighting
 + Level 7.9 Polearms
 + Level 7.0 Dodging
 + Level 1.5 Stealth


You had 7 spell levels left.
You didn't know any spells.
Your spell library was empty.

Dungeon Overview and Level Annotations

Branches:
Dungeon (8/15)
 Temple: D:4-7         Lair: D:8-11

Altars:

Annotations:
D:8 Prince Ribbit


Innate Abilities, Weirdness & Mutations

You can breathe bolts of dispelling energy.
Your rich purple scales are hard. (AC +6)
You cannot fit into any form of body armour.
You are cold-blooded and may be slowed by cold attacks.


Message History

The arrow hits you! You block the wyvern's attack.
Prince Ribbit blinks!
You hit the wyvern.
Your tail-slap misses the wyvern.
The wyvern is moderately wounded.
The wyvern bites you but does no damage.
The howler monkey hoots and howls with incredible vigour!
You hear a shout!
You hit the howler monkey.
Your tail-slap misses the howler monkey.
The howler monkey is severely wounded.
The wyvern barely misses you.
The centaur shoots an arrow.
The arrow closely misses you. The wyvern barely misses you.
You barely miss the wyvern.
The wyvern is moderately wounded.
The howler monkey misses you.
The wyvern bites you but does no damage.
The centaur shoots an arrow.
The arrow hits you but does no damage. You block the wyvern's attack.
You puncture the howler monkey!
You kill the howler monkey!
Trog accepts your kill.
You puncture Prince Ribbit!
Prince Ribbit is heavily wounded.
The wyvern bites you!
The centaur shoots an arrow.
The arrow hits you! The wyvern bites you. Prince Ribbit hits you.
Okay, then.
The wyvern closely misses you.
The centaur shoots an arrow.
You block the arrow. Prince Ribbit hits you!
* * * LOW HITPOINT WARNING * * *
The wyvern attacks as you move away! The wyvern misses you.
You feel a strong urge to attack something.
Prince Ribbit hits you!
* * * LOW HITPOINT WARNING * * *
The black bear growls angrily.
You feel your anger nearly subside.
You are no longer berserk.
You are exhausted.
You feel yourself slow down.
The centaur shoots an arrow.
The arrow hits you!
* * * LOW HITPOINT WARNING * * *
The centaur shoots an arrow.
The arrow barely misses you.
The centaur shoots an arrow.
The arrow hits you.
You die...

#..### #.##.#
#......#......
...#.#...h.#..
#####.........#..
#...#...#......#
#...#.........#
#....#.......## #
#....#........# . #
##....@lF.....##... #.
##.##.####.l........... ..
#......##.............. ..
.......#.................
..
...##....................
.. #.
##................... ..
#................... ..
..........c.......... ..
....#...........(.........


You could see Prince Ribbit, a black bear, 2 wyverns and a centaur.

Vanquished Creatures
  A wyvern (D:7)
  Duvessa (D:6)
  2 water moccasins
  An orc warrior (D:7)
  A centaur (D:5)
  A phantom (D:5)
  A necrophage (D:3)
  4 scorpions
  2 wights (D:8)
  Dowan (D:6)
  6 howler monkeys
  3 jellies
  3 hounds
  An iguana (D:4)
  3 orc wizards
  7 adders
  A shadow imp (D:8)
  A white imp (D:6)
  2 ufetubi
  3 dart slugs
  14 orcs
  2 bats (D:3)
  6 endoplasms
  3 goblins
  A hobgoblin (D:4)
  A jackal (D:3)
  3 kobolds
  3 ball pythons
  A frilled lizard (D:1)
  A rat (D:1)
80 creatures vanquished.

Notes
Turn   | Place    | Note
-------+----------+-------------------------------------------
     0 | D:1      | Aramant the Draconian Berserker began the quest for the
                  | Orb.
     0 | D:1      | Reached XP level 1. HP: 19/19 MP: 1/1
   119 | D:2      | Reached XP level 2. HP: 26/26 MP: 2/2
   257 | D:3      | Noticed a necrophage
   272 | D:3      | Killed a necrophage
   273 | D:3      | Reached XP level 3. HP: 23/33 MP: 3/3
   273 | D:3      | Reached XP level 4. HP: 28/40 MP: 4/4
   618 | D:5      | Entered Level 5 of the Dungeon
   639 | D:5      | Reached XP level 5. HP: 38/47 MP: 5/5
   640 | D:5      | Reached ** piety under Trog
   678 | D:5      | Noticed a centaur
   919 | D:5      | Reached XP level 6. HP: 30/53 MP: 6/6
   957 | D:5      | Noticed a water moccasin
  1071 | D:4      | Reached skill level 5 in Polearms
  2107 | D:5      | Killed a water moccasin
  2108 | D:5      | Your scales start taking on a rich purple colour.
  2108 | D:5      | Reached XP level 7. HP: 53/60 MP: 7/7
  2223 | D:5      | Reached skill level 5 in Fighting
  2223 | D:5      | Reached skill level 1 in Stealth
  2281 | D:5      | Reached skill level 5 in Dodging
  2554 | D:6      | Noticed Duvessa
  2596 | D:6      | Noticed Dowan
  2619 | D:6      | Killed Duvessa
  2664 | D:6      | Killed Dowan
  2845 | D:7      | Noticed a wyvern
  2849 | D:7      | Reached XP level 8. HP: 53/69 MP: 8/8
  3186 | D:7      | Identified the +1 buckler "Ruarhe" {rN+ Will- rCorr}
  3319 | D:8      | Noticed Prince Ribbit
  3336 | D:8      | Reached *** piety under Trog
  3362 | D:8      | Found Nargh's Antique Weapon Boutique.
  3473 | D:8      | HP: 3/67 [centaur/arrow (9)]
  3474 | D:8      | Shot with an arrow by a centaur

Illustrated notes

Levels and vault maps discovered:
D:1:      reono_arrival_forest_river, layout_loops_ring
D:2:      layout_loops_cross
D:3:      layout_basic, minmay_unequal, uniq_robin
D:4:      layout_basic
D:5:      layout_loops_ring, minmay_diced_spiral, uniq_ijyb,
          uniq_crazy_yiuf_cottage
D:6:      layout_loops_ring, minmay_temple_entry_junction, portal_sewer_entry_b,
          serial_shops, kennysheep_mini_moat, chequers_serial_rivers_small_3,
          uniq_duvessa
D:7:      layout_basic, lemuel_round_altar
D:8:      layout_cave_pools, makhleb_grotto_becter, cheibrodos_ashenzari_chains,
          mainiacjoe_overflow_alcove_4, serial_shops, shop,
          minmay_chambers_of_fives, uniq_prince_ribbit1

Skill      XL: |  1  2  3  4  5  6  7  8 |
---------------+-------------------------+-----
Dodging        | 3 4 5 7 |  7.0
Fighting       | 4 5 6 |  6.3
Polearms       | 4 5 6 7 |  7.9
Stealth        | 1 |  1.5

Action                   |  1- 3 |  4- 6 |  7- 9 || total
-------------------------+-------+-------+-------++-------
Melee: Spear             |    56 |   220 |   299 ||   575
       Tailslap          |    13 |    24 |    52 ||    89
       Punch             |       |     2 |     3 ||     5
Invok: Berserk           |       |     1 |       ||     1
 Abil: Breathe Dispellin |       |       |     3 ||     3
  Use: Scroll            |     1 |     4 |     6 ||    11
       Potion            |       |       |     5 ||     5
 Stab: Sleeping          |       |     1 |       ||     1
Armor: Skin              |    21 |    89 |   104 ||   214
Dodge: Dodged            |    30 |   112 |   203 ||   345
Block: Buckler           |       |       |    16 ||    16

Table legend: (Time is in decaauts)
 A = Elapsed time spent in this place.
 B = Non-inter-level travel time spent in this place.
 C = Inter-level travel time spent in this place.
 D = Time resting spent in this place.
 E = Time spent auto-exploring this place.
 F = Levels seen in this place.
 G = Mean time per level.
                   A        B        C        D        E       F      G
               +--------+--------+--------+--------+--------+-----+--------+
         Total |   3391 |   3391 |      0 |    936 |   1359 |   8 |  423.9 |
       Dungeon |   3391 |   3391 |      0 |    936 |   1359 |   8 |  423.9 |
               +--------+--------+--------+--------+--------+-----+--------+

Top non-repeatable levels by time:
     D:4: 1336 daAuts
     D:5: 536 daAuts
     D:7: 444 daAuts
     D:3: 397 daAuts
     D:6: 309 daAuts
     D:8: 183 daAuts
     D:1: 110 daAuts
     D:2: 72 daAuts
